 Dungeon Crawl Stone Soup version 0.23.2 (webtiles) character file.

Game seed: 7351469781155765512

133 Revguard the Slasher (level 4, -2/33 HPs)
             Began as a Demonspawn Gladiator on Apr 11, 2019.
             Slain by a worm (9 damage)
             ... on level 3 of the Dungeon.
             The game lasted 00:07:33 (1997 turns).

Revguard the Slasher (Demonspawn Gladiator)         Turns: 1997, Time: 00:07:33

Health: -2/33      AC:  3    Str: 14    XL:     4   Next: 93%
Magic:  4/4        EV: 13    Int: 10    God:
Gold:   93         SH:  0    Dex: 15    Spells: 3/3 levels left

rFire    . . .     SeeInvis .   a - +0 long sword
rCold    . . .     Gourm    .   (no shield)
rNeg     . . .     Faith    .   b - +0 leather armour
rPois    .         Spirit   .   (helmet restricted)
rElec    .         Reflect  .   (no cloak)
rCorr    .         Harm     .   (no gloves)
MR       .....                  (no boots)
Stlth    ++........             (no amulet)
HPRegen  0.11/turn              (no ring)
MPRegen  0.09/turn              (no ring)

@: very slow
A: antennae 2, nightstalker 1
a: no special abilities


You were on level 3 of the Dungeon.
You were not hungry.

You visited 1 branch of the dungeon, and saw 3 of its levels.

You collected 93 gold pieces.

Inventory:

Hand Weapons
 a - a +0 long sword (weapon)
 m - a +0 dagger
Missiles
 d - 3 throwing nets (quivered)
Armour
 b - a +0 leather armour (worn)
Jewellery
 c - an uncursed ring of ice
Scrolls
 j - 4 scrolls of teleportation
 k - a scroll of identify
Potions
 i - a potion of invisibility
 l - a potion of resistance
Comestibles
 f - 3 rations


   Skills:
 + Level 2.3 Fighting
 + Level 3.8 Long Blades
 - Level 1.7 Throwing
 + Level 1.7 Armour
 + Level 3.3 Dodging
 * Level 1.2 Stealth


You had 3 spell levels left.
You didn't know any spells.
Your spell library was empty.

Dungeon Overview and Level Annotations

Branches:
Dungeon (3/15)

Altars:


Innate Abilities, Weirdness & Mutations

You have a pair of antennae on your head.
You are slightly more attuned to the shadows.


Message History

Your leather armour prevents you from hitting the worm.
The worm bites you.
You hit the worm but do no damage. The worm closely misses you.
You riposte.
Your unstable footing causes you to fumble your attack.
Your unstable footing causes you to fumble your attack.
You hear the rusting of a drain.
Your unstable footing causes you to fumble your attack.
The worm splashes around in the water.
You hit the worm.
The worm is moderately wounded.
The worm bites you.
You barely miss the worm.
The worm is moderately wounded.
You hit the worm.
The worm is moderately wounded.
The worm bites you!
* * * LOW HITPOINT WARNING * * *
Your unstable footing causes you to fumble your attack.
The worm bites you!
You die...

##.≈.≈≈≈≈≈...........
#≈≈#≈#≈####.......##
#≈≈≈≈≈≈≈≈≈##.)#.###
#########≈##.#..#
#≈≈≈≈≈≈##.#.##
#≈#≈#####.#.# #≈#≈≈r
#....# #≈#≈##≈#.#.##
{#@#≈≈ #.#.# #w##r
#.#.# ≈≈# ≈# #.#.#
##≈# {#...# ###
####.).## #.......#
#.......#.
#..........
##)....####


You could see a worm.

Vanquished Creatures
  Natasha (D:2)
  3 adders (D:2)
  2 river rats (D:3)
  2 oozes (D:2)
  4 worms
  A dart slug (D:2)
  2 leopard geckos (D:2)
  An orc (D:3)
  A giant cockroach (D:3)
  3 goblins (D:1)
  5 hobgoblins
  4 jackals (D:1)
  2 bats
  A frilled lizard (D:1)
  5 kobolds
  6 rats (D:1)
43 creatures vanquished.

Notes
Turn   | Place    | Note
-------+----------+-------------------------------------------
     0 | D:1      | Revguard the Demonspawn Gladiator began the quest for the
                  | Orb.
     0 | D:1      | Reached XP level 1. HP: 16/16 MP: 1/1
   103 | D:1      | You fall through a shaft!
   110 | D:2      | Gained mutation: You have a pair of small antennae on your
                  | head. [demonic ancestry]
   110 | D:2      | Reached XP level 2. HP: 18/22 MP: 2/2
   193 | D:2      | Noticed Natasha
   202 | D:2      | Killed Natasha
   202 | D:2      | Reached skill level 1 in Armour
   202 | D:2      | Gained mutation: You are slightly more attuned to the
                  | shadows. [demonic ancestry]
   202 | D:2      | Reached XP level 3. HP: 3/27 MP: 3/3
  1037 | D:2      | Gained mutation: You have a pair of antennae on your head.
                  | [demonic ancestry]
  1037 | D:2      | Reached XP level 4. HP: 33/33 MP: 4/4
  1285 | D:1      | Reached skill level 1 in Stealth
  1997 | D:3      | Slain by a worm

Skill      XL: |  1  2  3  4 |
---------------+-------------+-----
Long Blades    | 3 |  3.8
Armour         | 1 |  1.7
Dodging        | 3 |  3.3
Stealth        | 1 |  1.2
Fighting       | |  2.3
Throwing       | |  1.7

Action                   |  1- 3 |  4- 6 || total
-------------------------+-------+-------++-------
Melee: Long sword        |    58 |    85 ||   143
       Short sword       |     2 |     1 ||     3
  Use: Potion            |     2 |     2 ||     4
       Scroll            |     4 |     3 ||     7
 Stab: Sleeping          |     4 |       ||     4
  Eat: Chunk             |       |     4 ||     4
Armor: Leather armour    |    17 |    18 ||    35
       Skin              |       |     8 ||     8
Dodge: Dodged            |    70 |    70 ||   140
       Rpst.: Long sword |    22 |    18 ||    40
